 Dungeon Crawl Stone Soup version 0.27-a0-705-ga0013940fb (webtiles) character file.

Game seed: 6820477332528632880

7 jasper the Sneak (level 1, 0/18 HPs)
             Began as a Demonspawn Delver on Mar 22, 2021.
             Slain by a white imp (4 damage)
             ... on level 5 of the Dungeon.
             The game lasted 00:00:50 (597 turns).

jasper the Sneak (Demonspawn Delver)                 Turns: 597, Time: 00:00:50

Health: 0/18       AC:  3    Str: 12    XL:     1   Next: 83%
Magic:  1/1        EV: 11    Int: 11    God:
Gold:   0          SH:  0    Dex: 14    Spells: 0/0 levels left

rFire    . . .     SeeInvis .   a - +0 hand axe
rCold    . . .     Faith    .   (no shield)
rNeg     . . .     Spirit   .   b - +0 leather armour
rPois    .         Reflect  .   (no helmet)
rElec    .         Harm     .   (no cloak)
rCorr    .         Rampage  .   (no gloves)
Will     .....                  (no boots)
Stlth    ++........             (no amulet)
HPRegen  0.06/turn              (no ring)
MPRegen  0.07/turn              (no ring)

@: hasted, very quick
A: no striking features
a: no special abilities


You were on level 5 of the Dungeon.
You visited 1 branch of the dungeon, and saw 2 of its levels.

Inventory:

Hand Weapons
 a - a +0 hand axe (weapon)
 i - a +0 flail
Missiles
 h - 4 stones (quivered)
Armour
 b - a +0 leather armour (worn)
Wands
 g - a wand of digging (3)
Scrolls
 c - a scroll of fog
 d - a scroll of magic mapping


   Skills:
 + Level 3.1 Fighting
 * Level 2.1 Axes
 + Level 0.4 Armour
 - Level 1.7 Dodging
 - Level 4.5 Stealth


You couldn't memorise any spells.
You didn't know any spells.
Your spell library was empty.

Dungeon Overview and Level Annotations

Branches:
Dungeon (6/15)
 Temple: D:4-7

Altars:


Message History

You start resting.
You hear the brisk hiss of a very distant avalanche of sand.
You start resting.
You hear the quick hiss of a very distant avalanche of sand.
You regained 3 hp, and now have 12/18 hp.
You hear a distant slurping noise.
You hear the quick hiss of a very distant avalanche of sand.
HP restored.
An ogre comes into view. It is wielding a +0 giant club.
Found a stone staircase leading up.
Health restored: 18 You hear the rapid hiss of a very distant avalanche of sand.
A white imp comes into view.
The white imp shouts, "Give up, thou ducking guts-griping tinkerer!"
Okay, then.
As you read the scroll of fear, it crumbles to dust.
You assume a fearsome visage.
The white imp is unaffected.
Okay, then.
You feel yourself speed up. The white imp gestures at you.
The puff of frost misses you. The white imp gestures at you.
The puff of frost hits you!
You take 8 damage, and have 10/18 hp.
MASSIVE DAMAGE!!
The white imp completely misses you.
You hit the white imp.
The white imp is heavily wounded.
The white imp barely misses you.
You hit the white imp but do no damage.
The white imp is heavily wounded.
The white imp hits you. The white imp freezes you.
* * * LOW HITPOINT WARNING * * *
You take 5 damage, and have 5/18 hp.
MASSIVE DAMAGE!!
You hit the white imp.
The white imp is severely wounded.
The white imp puffs mist at you. The white imp hits you.
* * * LOW HITPOINT WARNING * * *
The white imp freezes you.
You die...

..................#
################.##
.!.?.. #.# #####.
#.# # #.# # #.# #
#.# # #.# # #@# #
#5# #.# ..# ###


You could see a white imp.

Vanquished Creatures
  An adder skeleton (D:5)
  An orc (D:6)
  A quokka (D:5)
3 creatures vanquished.

Notes
Turn   | Place    | Note
-------+----------+-------------------------------------------
     0 | D:5      | jasper the Demonspawn Delver began the quest for the Orb.
     0 | D:5      | Reached XP level 1. HP: 18/18 MP: 1/1
   368 | D:6      | Noticed an orc warrior
   566 | D:5      | Noticed an ogre
   597 | D:5      | Slain by a white imp

Illustrated notes

Levels and vault maps discovered:
D:5:      layout_basic, minmay_temple_entry_mist,
          nicolae_ossuary_entry_monument, uniq_duvessa
D:6:      layout_basic

Skill      XL: |  1 |
---------------+----+-----
Axes           | 2 |  2.1
Fighting       | |  3.1
Armour         | |  0.4
Dodging        | |  1.7
Stealth        | |  4.5

Action                   || total
-------------------------++-------
Melee: Hand axe          ||    19
Throw: Stone             ||    12
  Use: Scroll            ||     1
       Potion            ||     1
Dodge: Dodged            ||     9

Table legend: (Time is in decaauts)
 A = Elapsed time spent in this place.
 B = Non-inter-level travel time spent in this place.
 C = Inter-level travel time spent in this place.
 D = Time resting spent in this place.
 E = Time spent auto-exploring this place.
 F = Levels seen in this place.
 G = Mean time per level.
                   A        B        C        D        E       F      G
               +--------+--------+--------+--------+--------+-----+--------+
         Total |    600 |    600 |      0 |    351 |    144 |   2 |  300.0 |
       Dungeon |    600 |    600 |      0 |    351 |    144 |   2 |  300.0 |
               +--------+--------+--------+--------+--------+-----+--------+

Top non-repeatable levels by time:
     D:6: 325 daAuts
     D:5: 275 daAuts
